 Dungeon Crawl Stone Soup version 0.26.0-3-g156281e41b (webtiles) character file.

Game seed: 8443502730034702608

2907 EnegeticOcto the Cleaver (level 9, -13/81 HPs)
             Began as a Deep Dwarf Fighter on Jan 9, 2021.
             Was a Believer of Makhleb.
             Splashed by Harold's acid (16 damage)
             ... on level 7 of the Dungeon.
             The game lasted 00:02:46 (3862 turns).

EnegeticOcto the Cleaver (Deep Dwarf Fighter)       Turns: 3862, Time: 00:02:46

Health: -13/81     AC:  4    Str: 24    XL:     9   Next: 49%
Magic:  10/10      EV:  5    Int:  8    God:    Makhleb [**....]
Gold:   296        SH: 11    Dex: 12    Spells: 8/8 levels left

rFire    . . .     SeeInvis .   a - +1 war axe
rCold    . . .     Faith    .   c - +0 kite shield
rNeg     . . .     Spirit   .   s - +0 plate armour (curse)
rPois    .         Reflect  .   (no helmet)
rElec    .         Harm     .   j - +0 cloak
rCorr    .         Rampage  .   q - +1 pair of gloves (curse)
Will     +....                  (no boots)
Stlth    ..........             h - amulet of the acrobat
HPRegen  0.00/turn              (no ring)
MPRegen  0.12/turn              (no ring)

@: marked, corroded, non-regenerating
A: damage resistance, heal wounds, sense surroundings 2, no regeneration
a: Heal Wounds, Renounce Religion, Minor Destruction


You were on level 7 of the Dungeon.
You worshipped Makhleb.
Makhleb was pleased with you.
You visited 2 branches of the dungeon, and saw 8 of its levels.

You collected 296 gold pieces.

Inventory:

Hand Weapons
 a - a +1 war axe (weapon)
Armour
 c - a +0 kite shield (worn)
 j - a +0 cloak (worn)
 q - a cursed +1 pair of gloves (worn)
 s - a cursed +0 plate armour (worn)
 A - a +3 plate armour of poison resistance
Jewellery
 h - an amulet of the acrobat (around neck)
 y - an uncursed ring of wizardry {unknown}
 z - an uncursed ring of flight {unknown}
Wands
 k - a wand of acid (9) {@v1}
 r - a wand of iceblast (6) {@v2}
 w - a wand of polymorph (10)
Scrolls
 b - a scroll of fog
 o - 3 scrolls of teleportation {@r3}
 u - a scroll of enchant weapon
 x - a scroll of identify {@r1}
Potions
 d - a potion of might {@q3}
 e - 2 potions of invisibility
 f - a potion of magic
 g - 2 potions of curing {@q1}
 i - 2 potions of heal wounds {@q2}
 l - a potion of brilliance
 m - a potion of haste {@q4}
 n - 2 potions of flight
 p - a potion of berserk rage
 t - a potion of resistance {@q5}
 v - a potion of lignification {unknown}


   Skills:
 + Level 5.6 Fighting
 * Level 8.8 Axes
 + Level 6.7 Armour
 + Level 6.9 Shields
 + Level 6.3 Invocations


You had 8 spell levels left.
You didn't know any spells.
Your spell library was empty.

Dungeon Overview and Level Annotations

Branches:
Dungeon (7/15)             Temple (1/1) D:4

Altars:
Ashenzari
Dithmenos
Kikubaaqudgha
Makhleb
Ru
Vehumet
Zin

Annotations:
D:7 Harold


Innate Abilities, Weirdness & Mutations

You are resistant to damage.
You can heal yourself by infusing magical energy.
You passively map the area around you.
You do not regenerate.


Message History

Your shield and plate armour prevent you from hitting Harold.
Harold hits you with a +0 long sword of flaming!
Harold burns you.
You slash Harold!
Harold is lightly wounded.
You slash the bullfrog! You block the bullfrog's attack.
Harold zaps a wand.
The bolt of acid hits you but does no damage.
The acid corrodes you!
You are splashed with acid!
You block the bullfrog's attack.
You slash the bullfrog!
The bullfrog is almost dead.
You hit Harold. You block the bullfrog's attack.
Harold zaps a wand.
The bolt of acid hits you! The acid corrodes you!
You are splashed with acid!
Your plate armour prevents you from hitting the bullfrog.
The bullfrog is almost dead.
You hit Harold. The bullfrog hits you. Harold gestures at you while chanting.
You barely resist. You block the bullfrog's attack.
You slash the bullfrog!
You kill the bullfrog!
Makhleb accepts your kill.
You barely miss Harold.
Harold hits you with a +0 long sword of flaming!
Harold burns you.
You are too injured to fight recklessly!
You are too injured to fight recklessly!
You are too injured to fight recklessly!
You are too injured to fight recklessly!
You are too injured to fight recklessly!
You are too injured to fight recklessly!
You are too injured to fight recklessly!
You are too injured to fight recklessly!
You feel much better. Harold completely misses you.
You hit Harold.
Harold is moderately wounded.
Harold barely misses you.
You hit Harold.
Harold is moderately wounded.
Harold zaps a wand.
The bolt of acid hits you.
You are splashed with acid!
You barely miss Harold.
Harold is moderately wounded.
Harold casts a spell at you. A sentinel's mark forms upon you.
You hit Harold but do no damage.
Harold is moderately wounded.
Harold hits you with a +0 long sword of flaming!
Harold burns you.
You are too injured to fight recklessly!
You are too injured to fight recklessly!
You are too injured to fight recklessly!
You are too injured to fight recklessly!
Your magical essence is drained by the effort!
You feel much better. Harold casts a spell at you.
The mark upon you grows brighter.
You hit Harold but do no damage.
Harold is moderately wounded.
Harold zaps a wand.
The bolt of acid hits you.
You are splashed with acid!
You barely miss Harold.
Harold is moderately wounded.
You block Harold's attack.
You slash Harold!
Harold is moderately wounded.
You block Harold's attack.
You barely miss Harold.
Harold is moderately wounded.
Harold zaps a wand.
The bolt of acid hits you!
You are splashed with acid!
* * * LOW HITPOINT WARNING * * *
You are too injured to fight recklessly!
You are too injured to fight recklessly!
You are too injured to fight recklessly!
You are too injured to fight recklessly!
You are too injured to fight recklessly!
You are too injured to fight recklessly!
You feel much better.
Harold hits you with a +0 long sword of flaming!
Harold burns you.
You feel much better.
Harold zaps a wand.
The bolt of acid hits you!!
You are splashed with acid!
You hit Harold but do no damage.
Harold is moderately wounded.
Harold zaps a wand.
The bolt of acid hits you.
You are splashed with acid!
You are too injured to fight recklessly!
You are too injured to fight recklessly!
You are too injured to fight recklessly!
You are too injured to fight recklessly!
You feel much better.
Harold hits you with a +0 long sword of flaming!
Harold burns you.
You fail to use your ability.
Harold hits you but does no damage.
You closely miss Harold.
Harold is moderately wounded.
Your plate armour prevents you from hitting Harold.
Harold is moderately wounded.
Harold zaps a wand.
The bolt of acid hits you!
You are splashed with acid!
* * * LOW HITPOINT WARNING * * *
Harold zaps a wand.
The bolt of acid hits you!
* * * LOW HITPOINT WARNING * * *
The acid corrodes you!
You are splashed with acid!
You die...

, , #.#.. #.# #.. * ....
*##.##.# #.## #.# *
...., ......# #..## #..
* #... ##....##
##..####. * , , #...
#......# ##...... **
#....#....#.## ######.
.#....#....#.(## #.. ,,,
...............### #.# ,
.......@...#.#...#####..
, ,
......@....#.###.....###
,
...#..............##....
. ,#.#####..............
* , #. ...####....... ,
* # #...# #....... * , *
#...# #.###### , * ,.#
#.# , * * ,, #.#


You could see Harold.

Vanquished Creatures
  A deep elf mage (D:7)
  Duvessa (D:4)
  A water moccasin (D:7)
  2 ice beasts
  4 sky beasts
  A phantom (D:7)
  An eye of draining (shapeshifter) (D:7)
  2 ogres (D:5)
  A centaur (D:5)
  4 bullfrogs
  Dowan (D:4)
  4 scorpions
  A howler monkey (D:4)
  A jelly (D:6)
  A centaur zombie (D:5)
  2 bullfrog skeletons
  7 hounds
  2 iguanas (D:7)
  An orc wizard (D:4)
  6 worker ants
  2 hound skeletons
  A worker ant zombie (D:4)
  4 gnolls (D:4)
  A howler monkey skeleton (D:4)
  10 adders
  2 shadow imps
  2 white imps (D:6)
  3 oozes
  An adder skeleton (D:6)
  A worm (D:3)
  A leopard gecko (D:6)
  6 orcs
  A ball python (D:6)
  3 giant cockroaches
  2 goblins
  A hobgoblin (D:3)
  3 jackals (D:4)
  4 kobolds
  4 quokkas
  2 bats
  3 frilled lizards (D:1)
  A giant cockroach zombie (D:6)
  A jackal skeleton (D:4)
  A jackal zombie (D:6)
  A leopard gecko skeleton (D:6)
  A leopard gecko zombie (D:7)
  2 rats
108 creatures vanquished.

Vanquished Creatures (others)
  3 plants (D:2)
3 creatures vanquished.

Grand Total: 111 creatures vanquished

Notes
Turn   | Place    | Note
-------+----------+-------------------------------------------
     0 | D:1      | EnegeticOcto the Deep Dwarf Fighter began the quest for the
                  | Orb.
     0 | D:1      | Reached XP level 1. HP: 20/20 MP: 1/1
    98 | D:1      | Reached XP level 2. HP: 24/27 MP: 2/2
   276 | D:2      | Found a glowing silver altar of Zin.
   353 | D:2      | Found a shadowy altar of Dithmenos.
   439 | D:2      | Reached skill level 3 in Axes
   469 | D:3      | Reached XP level 3. HP: 24/33 MP: 3/3
   725 | D:4      | Reached XP level 4. HP: 42/42 MP: 3/3
   786 | D:4      | Found a staircase to the Ecumenical Temple.
   814 | D:4      | Reached skill level 4 in Axes
   814 | D:4      | Reached XP level 5. HP: 24/49 MP: 4/4
   831 | Temple   | Entered the Ecumenical Temple
   885 | Temple   | Became a worshipper of Makhleb the Destroyer
   993 | D:4      | Reached skill level 1 in Invocations
   993 | D:4      | Reached XP level 6. HP: 48/56 MP: 5/5
  1065 | D:4      | Noticed Duvessa
  1066 | D:4      | Noticed Dowan
  1089 | D:4      | Killed Duvessa
  1090 | D:4      | Reached skill level 5 in Axes
  1092 | D:4      | Killed Dowan
  1167 | D:4      | Found a radiant altar of Vehumet.
  1436 | D:4      | Reached XP level 7. HP: 55/63 MP: 7/7
  1680 | D:5      | Entered Level 5 of the Dungeon
  1766 | D:5      | Reached skill level 5 in Armour
  1766 | D:5      | Reached skill level 5 in Shields
  1893 | D:5      | Reached skill level 6 in Axes
  2105 | D:5      | Reached XP level 8. HP: 43/73 MP: 9/9
  2257 | D:5      | Reached * piety under Makhleb
  2413 | D:5      | Found a broken altar of Ashenzari.
  2579 | D:5      | Found a sacrificial altar of Ru.
  2890 | D:6      | Reached skill level 7 in Axes
  3278 | D:6      | Reached skill level 5 in Invocations
  3443 | D:7      | Reached skill level 5 in Fighting
  3530 | D:7      | Gained mutation: You passively map the area around you.
                  | [Deep Dwarf growth]
  3530 | D:7      | Reached XP level 9. HP: 52/81 MP: 10/12
  3532 | D:7      | Reached skill level 8 in Axes
  3645 | D:7      | Reached ** piety under Makhleb
  3736 | D:7      | Noticed a deep elf mage
  3739 | D:7      | Noticed a cane toad
  3739 | D:7      | a tarantella changed into a cane toad
  3754 | D:7      | a cane toad changed into an eye of draining
  3771 | D:7      | Killed a deep elf mage
  3839 | D:7      | Noticed Harold
  3862 | D:7      | HP: 3/81 [Harold/bolt of acid (14)]
  3862 | D:7      | Splashed by Harold's acid

Illustrated notes

Levels and vault maps discovered:
D:1:      mrwooster_arrival_statue_2, layout_basic,
          kennysheep_decorative_pillar, minmay_misc_feat_alley,
          minmay_misc_feat_five, chequers_avenue, minmay_pentomino_t4
D:2:      layout_loops_ring, grunt_dithmenos_smoke, general_overflow_altar,
          serial_forest, infiniplex_forest_lined_corner,
          infiniplex_forest_straight_4, infiniplex_forest_split,
          infiniplex_forest_straight_3, infiniplex_forest_clump_tiny,
          amcnicky_mini_corridor_feature
D:3:      layout_basic
D:4:      layout_gridville, lemuel_round_altar, minmay_temple_entry_overgrown,
          uniq_duvessa
D:5:      layout_basic, kennysheep_mini_moat, kennysheep_mini, hex_medium,
          minmay_misc_feat_x
D:6:      layout_cave_pods, minmay_joined_circles
D:7:      minmay_the_grid_plus_closed [minmay_the_grid_spikes,
          minmay_the_grid_odd_star, minmay_the_grid_x,
          minmay_the_grid_large_cup, minmay_the_grid_prize_diamond_cup],
          layout_basic, grunt_temple_overflow_forces_of_nature,
          uniq_prince_ribbit1, uniq_harold
Temple:   nicolae_temple_figure_eight

Skill      XL: |  1  2  3  4  5  6  7  8  9 |
---------------+----------------------------+-----
Axes           | 3 4 5 6 7 8 |  8.8
Fighting       | 3 4 5 |  5.6
Armour         | 4 5 6 |  6.7
Shields        | 4 5 6 |  6.9
Invocations    | 1 2 3 5 6 |  6.3

Action                   |  1- 3 |  4- 6 |  7- 9 || total
-------------------------+-------+-------+-------++-------
Melee: War axe           |    73 |    95 |   324 ||   492
 Abil: Heal Wounds       |     1 |     3 |    12 ||    16
  Use: Scroll            |       |       |    16 ||    16
Armor: Scale mail        |    31 |     5 |       ||    36
       Chain mail        |       |    39 |    10 ||    49
       Plate armour      |       |       |   163 ||   163
Dodge: Dodged            |    30 |    18 |    75 ||   123
Block: Kite shield       |    58 |    56 |   151 ||   265
